 Dungeon Crawl Stone Soup version 0.31-a0-833-gc15d34cb79 (webtiles) character file.

Game seed: 211169850391105359

1245 LeprechaunX the Changeling (level 8, -7/54 HPs)
             Began as an Octopode Shapeshifter on Sept 25, 2023.
             Was an Initiate of Hepliaklqana.
             Mangled by an ogre
             ... wielding a +0 giant club
              (15 damage)
             ... on level 5 of the Dungeon.
             The game lasted 00:07:19 (4479 turns).

LeprechaunX the Changeling (Octopode Shapeshifter)  Turns: 4479, Time: 00:07:19

Health: -7/54      AC:  1    Str: 15    XL:     8   Next: 50%
Magic:  8/8        EV: 14    Int: 15    God:    Hepliaklqana [......]
Gold:   316        SH:  5    Dex: 12    Spells: 7/7 levels left

rFire   + .          .
                       - Unarmed
rCold   x . .        (no shield)
rNeg    . . .        (helmet currently unavailable)
rPois   .            r - amulet of reflection
rElec   .            h - ring of see invisible
rCorr   .            j - ring of Teyrer {Fly rF+ rC- Int+3}
SInv    +            y - ring of willpower
Will    +....        (no ring)
Stlth   ++           (no ring)
HPRegen 0.29/turn    (no ring)
MPRegen 0.11/turn    (no ring)
                     (no ring)

%: reflection
@: beast-form, flying
A: beast (slay +3), almost no armour, amphibious, 8 rings, camouflage 1,
gelatinous body 1, (nimble swimmer 1), tentacles
a: Begin Untransformation, Renounce Religion


You were on level 5 of the Dungeon.
You worshipped Hepliaklqana.
Hepliaklqana was noncommittal.
You were a hulking beast.
You visited 1 branch of the dungeon, and saw 5 of its levels.

You collected 344 gold pieces.
You spent 28 gold pieces at shops.

Inventory:

Hand Weapons
 a - a +1 heavy sling
Jewellery
 h - a ring of see invisible (left tentacle)
 j - the ring of Teyrer (right tentacle) {Fly rF+ rC- Int+3}
   (You found it on level 2 of the Dungeon)

   [ring of flight]

   Int+3:     It affects your intelligence (+3).
   rF+:       It protects you from fire.
   rC-:       It makes you vulnerable to cold.
   Fly:       It grants you flight.
 r - an amulet of reflection (around mantle)
 y - a ring of willpower (on tentacle)
Talismans
 b - a beast talisman (active)
 c - a flux talisman
 v - a blade talisman
Wands
 w - a wand of roots (9)
 x - a wand of flame (13)
Scrolls
 f - 2 scrolls of teleportation
 g - 3 scrolls of noise
 i - 5 scrolls of fear
 n - a scroll of revelation {unknown}
 o - 3 scrolls of acquirement {unknown}
 q - 2 scrolls of enchant weapon {unknown}
 u - 2 scrolls of identify
Potions
 e - a potion of cancellation {unknown}
 k - 2 potions of curing
 l - a potion of ambrosia {unknown}
 m - a potion of berserk rage {unknown}
 p - a potion of mutation {unknown}
 s - a potion of degeneration {unknown}
 t - a potion of attraction


   Skills:
 + Level 4.2 Fighting
 - Level 3.0 Ranged Weapons
 + Level 4.4 Dodging
 + Level 5.0 Unarmed Combat
 * Level 6.2 Shapeshifting


You had 7 spell levels left.
You didn't know any spells.
Your spell library contained the following spells:

 Spells                   Type           Power      Damage    Failure   Level
 Shock                    Conj/Air       0%         1d3       26%         1
 Dazzling Flash           Conj/Hex       0%         N/A       63%         3
 Swiftness                Air            0%         N/A       63%         3
 Airstrike                Air            0%         2d(0-16)  95%         4
 Agony                    Necr           0%         N/A       100%        5
 Silence                  Hex/Air        0%         N/A       100%        5


Dungeon Overview and Level Annotations

Branches:
Dungeon (5/15)
 Temple: D:4-7

Altars:
Elyvilon
Hepliaklqana
Nemelex Xobeh
Sif Muna

Shops:
D:2 !   D:3 ?

Annotations:
D:5 2 runed translucent doors, croobank's ghost, weakling SpDe


Innate Abilities, Weirdness & Mutations

You are a hulking beast.
Your limbs bulge with bestial killing power. (Slay +3)
You cannot wear most types of armour.
You are amphibious.
You can wear up to eight rings at the same time.
Your skin changes colour to match your surroundings (Stealth+).
Your rubbery body absorbs attacks. (AC +1, EV +1)
((You are camouflaged when in or above water. (Stealth+)))
You have tentacles for arms and can constrict up to eight enemies at once.


Message History

You miss the adder. You grab the adder. You constrict the adder.
The adder barely misses you.
You bludgeon the adder!
The adder is almost dead.
You constrict the adder.
You kill the adder!
You tentacle-slap the sleepcap. You grab the sleepcap.
The sleepcap is moderately damaged.
You constrict the sleepcap. The sleepcap barely misses you.
You tentacle-slap the sleepcap. x2; You squeeze the sleepcap.
The sleepcap is severely damaged.
You constrict the sleepcap. The sleepcap closely misses you.
You tentacle-slap the sleepcap. You squeeze the sleepcap.
You destroy the sleepcap!
No target in view!
No target in view!
HP restored.
You now have 300 gold pieces (gained 8).
Found a stone staircase leading up.
u - 2 scrolls of identify (gained 1)
You now have 307 gold pieces (gained 7).
You now have 316 gold pieces (gained 9).
Found a stone staircase leading down.
An ogre comes into view. It is wielding a +0 giant club.
Found a scroll labelled EBILAS FAQASAU.
The ogre shouts!
An ogre is nearby!
An ogre is nearby!
The ogre hits you with a +0 giant club!!
Ouch! That really hurt!
You are too injured to fight recklessly!
You are too injured to fight recklessly!
You are too injured to fight recklessly!
You bludgeon the ogre! Your squeeze misses the ogre.
The ogre is moderately wounded.
The ogre hits you with a +0 giant club!!
* * * LOW HITPOINT WARNING * * *
Unknown command.
The ogre attacks as it pursues you! The ogre hits you with a +0 giant club!
You die...

#..######..# ##....#...
#....#....## #....#
#..#...#### #....# #
##.#.### #....# .# #.#..#
#....# # ..###....#
###.###.# ...##..#.#
#.....>#
...##....##########.#..###
................hO..##O#
..###....############ ..#
. #.##.# ...# ##.####
....# ####..###### ....#
............. ..?.#
####.######## ...## #.#
..#


You could see an ogre.

Vanquished Creatures
  Sigmund (D:3)
  A water moccasin (D:5)
  Edmund (D:5)
  Duvessa (D:4)
  An ice beast (D:5)
  An ogre (D:4)
  A scorpion (D:4)
  Dowan (D:4)
  2 hounds
  3 orc priests
  A sleepcap (D:5)
  Ijyb (D:5)
  Natasha (thrice) (D:4)
  An iguana (D:5)
  2 orc wizards
  7 adders
  3 worms
  4 dart slugs
  8 orcs
  6 endoplasms
  3 goblins
  3 hobgoblins
  A jackal (D:4)
  A quokka (D:1)
  4 ball pythons
  3 bats
  2 frilled lizards
  3 kobolds
  2 rats (D:1)
71 creatures vanquished.

Notes
Turn   | Place    | Note
-------+----------+-------------------------------------------
     0 | D:1      | LeprechaunX the Octopode Shapeshifter began the quest for
                  | the Orb.
     0 | D:1      | Reached XP level 1. HP: 13/13 MP: 1/1
   258 | D:1      | Reached XP level 2. HP: 13/18 MP: 2/2
   703 | D:2      | Found Paneuz's Distillery.
   751 | D:2      | Identified the ring of Teyrer {Fly rF+ rC- Int+3}
   759 | D:2      | Reached XP level 3. HP: 14/23 MP: 3/3
  1159 | D:2      | Reached skill level 1 in Ranged Weapons
  1159 | D:2      | Reached XP level 4. HP: 19/29 MP: 4/4
  1602 | D:3      | Found a shimmering blue altar of Sif Muna.
  1613 | D:3      | Noticed Sigmund
  1657 | D:3      | Killed Sigmund
  1658 | D:3      | Reached skill level 4 in Shapeshifting
  1658 | D:3      | Reached XP level 5. HP: 35/35 MP: 5/5
  1658 | D:3      | Reached XP level 6. HP: 41/41 MP: 6/6
  1828 | D:3      | Found a white marble altar of Elyvilon.
  1866 | D:3      | Found Mafop's Magic Scroll Emporium.
  1871 | D:3      | Bought a scroll of identify for 28 gold pieces
  2735 | D:4      | Found a sparkling altar of Nemelex Xobeh.
  2920 | D:4      | Noticed Dowan
  2935 | D:4      | Noticed Duvessa
  2948 | D:4      | Killed Duvessa
  2950 | D:4      | HP: 3/61 [poisoned by Dowan]
  2953 | D:4      | Killed Dowan
  2954 | D:4      | Reached XP level 7. HP: 3/46 MP: 7/7
  3235 | D:4      | Noticed Natasha
  3244 | D:4      | Killed Natasha
  3252 | D:4      | Reached skill level 5 in Shapeshifting
  3366 | D:4      | Noticed Natasha
  3370 | D:4      | Killed Natasha
  3710 | D:4      | Noticed Natasha
  3715 | D:4      | Killed Natasha
  3982 | D:5      | Entered Level 5 of the Dungeon
  3982 | D:5      | Noticed Ijyb
  3982 | D:5      | Found a hazy altar of Hepliaklqana.
  3985 | D:5      | Killed Ijyb
  4007 | D:5      | Became a worshipper of Hepliaklqana the Forgotten
  4080 | D:5      | Reached XP level 8. HP: 54/54 MP: 8/8
  4152 | D:5      | Found a runed translucent door.
  4152 | D:5      | Noticed croobank's ghost (weakling SpDe)
  4217 | D:5      | Found a runed translucent door.
  4273 | D:5      | Noticed Edmund
  4295 | D:5      | Killed Edmund
  4296 | D:5      | Reached skill level 6 in Shapeshifting
  4297 | D:5      | Reached skill level 5 in Unarmed Combat
  4479 | D:5      | Mangled by an ogre

Illustrated notes

Levels and vault maps discovered:
D:1:      dpeg_arrival_houses_and_road, layout_loops_ring
D:2:      layout_loops_cross, serial_shops, nicolae_shop_trees,
          minmay_tetromino_s4
D:3:      layout_loops_corners, overflow_temple_1_default,
          nicolae_sif_muna_condensation, serial_shops, shop, uniq_sigmund
D:4:      wad_river_or_something, layout_basic, nicolae_overflow_crystal_walls,
          corexii_leaking_fountain, minmay_misc_feat_alley,
          nicolae_figureground_pulse, uniq_natasha, uniq_duvessa
D:5:      layout_rooms, amcnicky_altar_gilded, ebering_ghost_sewer_f, uniq_ijyb,
          uniq_edmund

Skill      XL: |  1  2  3  4  5  6  7  8 |
---------------+-------------------------+-----
Ranged Weapons | 1 2 3 |  3.0
Fighting       | 2 3 4 |  4.2
Dodging        | 3 4 |  4.4
Shapeshifting  | 4 5 6 |  6.2
Unarmed Combat | 4 5 |  5.0

Action                     |  1- 3 |  4- 6 |  7- 9 || total
---------------------------+-------+-------+-------++-------
  Melee: Unarmed           |    46 |    61 |    71 ||   178
         Constrict         |    11 |    14 |    19 ||    44
         Tentacles         |    10 |    10 |    23 ||    43
         Punch             |       |     1 |     5 ||     6
   Fire: Sling             |       |     5 |     6 ||    11
  Evoke: Wand              |       |       |     1 ||     1
    Use: Scroll            |       |     3 |       ||     3
         Potion            |       |     1 |     3 ||     4
   Stab: Sleeping          |     5 |     3 |     4 ||    12
         Distracted        |       |       |     1 ||     1
 Armour: Skin              |    20 |    38 |    28 ||    86
  Dodge: Dodged            |    19 |    28 |    38 ||    85
  Block: Other             |       |     2 |     7 ||     9

Table legend: (Time is in decaauts)
 A = Elapsed time spent in this place.
 B = Non-inter-level travel time spent in this place.
 C = Inter-level travel time spent in this place.
 D = Time resting spent in this place.
 E = Time spent auto-exploring this place.
 F = Levels seen in this place.
 G = Mean time per level.
                   A        B        C        D        E       F      G
               +--------+--------+--------+--------+--------+-----+--------+
         Total |   4474 |   4308 |    166 |    298 |   3355 |   5 |  894.8 |
       Dungeon |   4474 |   4308 |    166 |    298 |   3355 |   5 |  894.8 |
               +--------+--------+--------+--------+--------+-----+--------+

Top non-repeatable levels by time:
     D:4: 1248 daAuts
     D:3: 1159 daAuts
     D:2: 872 daAuts
     D:1: 701 daAuts
     D:5: 492 daAuts
